 Dungeon Crawl Stone Soup version 0.27-a0-380-g150de4c316 (webtiles) character file.

Game seed: 12053429592029580083

2 sahdkjhfkaj the Sneak (level 1, -2/9 HPs)
             Began as a Spriggan Enchanter on Feb 17, 2021.
             Slain by a worm (6 damage)
             ... on level 2 of the Dungeon.
             The game lasted 00:00:34 (108 turns).

sahdkjhfkaj the Sneak (Spriggan Enchanter)           Turns: 108, Time: 00:00:35

Health: -2/9       AC:  2    Str:  4    XL:     1   Next: 33%
Magic:  5/5        EV: 17    Int: 16    God:
Gold:   0          SH:  0    Dex: 15    Spells: 4/5 levels left

rFire    . . .     SeeInvis +   a - +1 dagger
rCold    + . .     Faith    .   (shield restricted)
rNeg     . . .     Spirit   .   b - +0 robe
rPois    .         Reflect  .   (helmet restricted)
rElec    .         Harm     .   (no cloak)
rCorr    .         Rampage  .   (gloves unavailable)
Will     .....                  (boots unavailable)
Stlth    +++.......             (no amulet)
HPRegen  0.03/turn              c - ring of protection from cold
MPRegen  0.09/turn              (no ring)

@: very quick
A: very small, unfitting armour, see invisible, speed 3
a: no special abilities


You were on level 2 of the Dungeon.
You visited 1 branch of the dungeon, and saw 2 of its levels.

Inventory:

Hand Weapons
 a - a +1 dagger (weapon)
Armour
 b - a +0 robe (worn)
Jewellery
 c - a ring of protection from cold (left hand)


   Skills:
 - Level 1.1 Short Blades
 + Level 2.7 Dodging
 * Level 4.5 Stealth
 - Level 2.6 Spellcasting
 * Level 3.7 Hexes


You had 4 spell levels left.
You knew the following spells:

 Your Spells              Type           Power        Failure   Level
a - Corona                Hex            15%          4%          1

Your spell library contained the following spells:

 Spells                   Type           Power        Failure   Level
 Confusing Touch          Hex            14%          13%         3
 Tukima's Dance           Hex            14%          13%         3
 Ensorcelled Hibernation  Hex/Ice        16%          14%         2
 Dazzling Flash           Conj/Hex       16%          26%         3


Dungeon Overview and Level Annotations

Branches:
Dungeon (2/15)

Altars:


Innate Abilities, Weirdness & Mutations

You are very small and have problems with some larger weapons.
You are too small for most types of armour.
You have supernaturally acute eyesight. (SInv)
You cover ground extremely quickly.


Message History

You can't go down here!
You hit the leopard gecko.
The leopard gecko is almost dead.
An adder comes into view.
The leopard gecko closely misses you.
You closely miss the leopard gecko.
The leopard gecko is almost dead.
The leopard gecko misses you.
An adder comes into view.
The adder hisses angrily.
You hit the leopard gecko.
You kill the leopard gecko!
You closely miss the adder. The adder closely misses you.
You barely miss the adder. The adder barely misses you. The adder bites you.
You are poisoned.
The adder poisons you!
A goblin comes into view.
You feel sick.
Found a war axe.
A goblin comes into view. It is wielding a +0 club.
You feel sick.
You see here a war axe.
You feel sick.
You feel sick.
You are no longer poisoned.
Found 5 gold pieces.
A worm comes into view.
Found 17 stones.
Found a stone staircase leading up.
A giant cockroach comes into view.
You hit the worm but do no damage. The worm closely misses you.
You hit the worm.
The worm is lightly wounded.
You barely miss the worm.
The worm is lightly wounded.
The worm barely misses you.
You hit the worm.
The worm is moderately wounded.
The worm bites you.
Ouch! That really hurt!
You die...

#..#....######
###..#....#
....#....# ###
#..#....#
....##.#....#
..(.........#
......$..#######B
.................
.........@.......
.<........w#####.
.......#.....
.##.#.##.#..##
#.#. ...... #
######.### .. .#


You could see a worm and a giant cockroach (asleep).

Vanquished Creatures
  A leopard gecko (D:2)
  A frilled lizard (D:2)
2 creatures vanquished.

Notes
Turn   | Place    | Note
-------+----------+-------------------------------------------
     0 | D:1      | sahdkjhfkaj the Spriggan Enchanter began the quest for the
                  | Orb.
     0 | D:1      | Reached XP level 1. HP: 9/9 MP: 5/5
   108 | D:2      | Slain by a worm

Illustrated notes

Levels and vault maps discovered:
D:1:      dpeg_arrival_stonehenge_8_columns, layout_basic, minmay_door_square
D:2:      layout_basic, serial_rivers, chequers_serial_rivers_room_b,
          chequers_serial_rivers_micro_c, chequers_serial_rivers_micro_a,
          chequers_serial_rivers_small_3, chequers_serial_rivers_small_b,
          uniq_sigmund, uniq_robin

Action                   || total
-------------------------++-------
Melee: Dagger            ||    11
 Stab: Sleeping          ||     1
Dodge: Dodged            ||     6

Table legend: (Time is in decaauts)
 A = Elapsed time spent in this place.
 B = Non-inter-level travel time spent in this place.
 C = Inter-level travel time spent in this place.
 D = Time resting spent in this place.
 E = Time spent auto-exploring this place.
 F = Levels seen in this place.
 G = Mean time per level.
                   A        B        C        D        E       F      G
               +--------+--------+--------+--------+--------+-----+--------+
         Total |     68 |     59 |      9 |      0 |      0 |   2 |   34.0 |
       Dungeon |     68 |     59 |      9 |      0 |      0 |   2 |   34.0 |
               +--------+--------+--------+--------+--------+-----+--------+

Top non-repeatable levels by time:
     D:2: 67 daAuts
     D:1: 1 daAuts
